 Dungeon Crawl Stone Soup version 0.20.1-1-g8b1a95d (webtiles) character file.

186 renl the Slasher (level 5, 0/43 HPs)
             Began as a Barachi Fighter on July 14, 2017.
             Succumbed to a scorpion's poison
             ... on level 4 of the Dungeon.
             The game lasted 00:07:55 (2301 turns).

renl the Slasher (Barachi Fighter)                  Turns: 2301, Time: 00:07:55

Health: 0/43       AC:  8    Str: 22    XL:     5   Next: 66%
Magic:  5/5        EV:  8    Int:  9    God:
Gold:   168        SH: 10    Dex: 12    Spells: 4/4 levels left

rFire    . . .     SeeInvis .   a - +0 long sword
rCold    . . .     Gourm    .   c - +1 shield
rNeg     . . .     Faith    .   b - +0 scale mail
rPois    .         Spirit   .   (no helmet)
rElec    .         Reflect  .   p - +0 cloak
rCorr    .         Harm     .   (no gloves)
MR       .....                  (no boots)
Stlth    ..........             (no amulet)
Regen    0.2/turn               (no ring)
MPRegen  0.1/turn               (no ring)

@: mighty, lethally poisoned (0 -> -4), slow
A: +LOS, swims, slowness 1, strong legs 1
a: Hop


You were on level 4 of the Dungeon.
You were not hungry.

You visited 1 branch of the dungeon, and saw 4 of its levels.

You collected 168 gold pieces.

Inventory:

Hand Weapons
 a - a +0 long sword (weapon)
Armour
 b - a +0 scale mail (worn)
 c - a +1 shield (worn)
 p - a +0 cloak (worn)
Scrolls
 e - 2 scrolls of enchant armour
 h - 2 scrolls of fear
 i - a scroll of teleportation {unknown}
 j - 2 scrolls of immolation {unknown}
 l - 2 scrolls of identify
 r - a scroll of amnesia {unknown}
 s - a scroll of noise {unknown}
 v - a scroll of recharging {unknown}
Potions
 d - a potion of might
 n - a potion of flight
 o - a potion of brilliance
 q - a potion of invisibility
 t - a potion of degeneration
Comestibles
 f - 3 bread rations
 g - 4 fruits
 m - a meat ration


   Skills:
 + Level 4.7 Fighting
 + Level 5.0 Long Blades
 + Level 4.6 Armour
 + Level 1.0 Dodging
 - Level 3.2 Shields


You had 4 spell levels left.
You didn't know any spells.

Dungeon Overview and Level Annotations

Branches:
Dungeon (4/15)
 Temple: D:4-7

Altars:
Qazlal

Annotations:
D:4 mythresam's ghost, novice GrFi


Innate Abilities, Weirdness & Mutations

Shadows flee at your approach. (+LOS)
You can swim through water.
You cover ground slowly.
You can hop short distances.


Message History

You feel sick.
Okay, then.
As you read the scroll of identify, it crumbles to dust.
o - a potion of brilliance
* * * LOW HITPOINT WARNING * * *
You feel sick.
As you read the scroll of identify, it crumbles to dust.
q - a potion of invisibility
As you read the scroll of identify, it crumbles to dust.
t - a potion of degeneration
* * * LOW HITPOINT WARNING * * *
You feel sick.
You feel very mighty all of a sudden.
* * * LOW HITPOINT WARNING * * *
You feel sick. Why would you want to do that?
There is a lethal amount of poison in your body!
There is a lethal amount of poison in your body!
You eat the royal jelly.
That royal jelly was delicious!
You die...

####
#..
#.#
#@#
#.#
#.#
#.#
#†#
#.#
#.#
#<#
#.#


There were no monsters in sight!

Vanquished Creatures
  A scorpion (D:4)
  Crazy Yiuf (D:2)
  3 adders
  An ooze (D:1)
  5 worms
  A dart slug (D:1)
  3 leopard geckos
  6 giant cockroaches
  6 goblins
  6 hobgoblins
  4 jackals (D:1)
  2 quokkas (D:2)
  7 bats
  2 frilled lizards
  6 kobolds
  6 rats
60 creatures vanquished.

Notes
Turn   | Place    | Note
-------+----------+-------------------------------------------
     0 | D:1      | renl the Barachi Fighter began the quest for the Orb.
     0 | D:1      | Reached XP level 1. HP: 18/18 MP: 1/1
    54 | D:1      | Reached XP level 2. HP: 23/25 MP: 2/2
   439 | D:1      | Reached XP level 3. HP: 30/30 MP: 3/3
   748 | D:2      | Reached skill level 3 in Long Blades
   855 | D:2      | Found a runed door.
   862 | D:2      | Noticed Crazy Yiuf
   869 | D:2      | Killed Crazy Yiuf
   869 | D:2      | Reached XP level 4. HP: 18/38 MP: 4/4
  1067 | D:2      | Reached skill level 4 in Long Blades
  1401 | D:3      | Found a stormy altar of Qazlal.
  1404 | D:3      | Noticed an earth elemental
  1404 | D:3      | Noticed a water elemental
  1404 | D:3      | Noticed a fire elemental
  1404 | D:3      | Noticed an air elemental
  1627 | D:3      | Reached XP level 5. HP: 41/43 MP: 5/5
  2174 | D:4      | Noticed mythresam's ghost (novice GrFi)
  2291 | D:4      | Reached skill level 5 in Long Blades
  2291 | D:4      | Reached skill level 1 in Dodging
  2298 | D:4      | HP: 2/43 [poisoned by a scorpion]
  2301 | D:4      | Succumbed to a scorpion's poison

Skill      XL: |  1  2  3  4  5 |
---------------+----------------+-----
Fighting       | 4 |  4.7
Armour         | 4 |  4.6
Long Blades    | 3 4 5 |  5.0
Dodging        | 1 |  1.0
Shields        | |  3.2

Action                   |  1- 3 |  4- 6 || total
-------------------------+-------+-------++-------
Melee: Long sword        |    78 |   158 ||   236
  Use: Scroll            |     3 |     3 ||     6
       Potion            |       |     1 ||     1
  Eat: Chunk             |       |     5 ||     5
       Royal jelly       |       |     1 ||     1
Armor: Scale mail        |    44 |    70 ||   114
Dodge: Dodged            |    28 |    40 ||    68
Block: Shield            |    34 |    88 ||   122
       Rpst.: Long sword |     8 |     8 ||    16
